 Dungeon Crawl Stone Soup version 0.30-a0-900-g23479c02f2 (webtiles) character file.

Game seed: 7268728913936895356

60 zazu2006 the Magician (level 4, -2/36 HPs)
             Began as a Naga Hedge Wizard on Mar 18, 2023.
             Slain by an orc
             ... wielding a +0 mace
              (6 damage)
             ... on level 2 of the Dungeon.
             The game lasted 00:02:49 (1717 turns).

zazu2006 the Magician (Naga Hedge Wizard)           Turns: 1717, Time: 00:02:49

Health: -2/36      AC:  2    Str: 12    XL:     4   Next: 4%
Magic:  3/10       EV:  9    Int: 17    God:
Gold:   90         SH:  0    Dex: 10    Spells: 5/11 levels left

rFire   . . .      SeeInvis +    n - +2 dagger (drain)
rCold   . . .      Faith    .    (no shield)
rNeg    . . .      Spirit   .    b - +0 robe
rPois   +          Reflect  .    c - +0 hat
rElec   .          Rampage  .    (no cloak)
rCorr   .                        (no gloves)
Will    .....                    (no barding)
Stlth   ++                       (no amulet)
HPRegen 0.26/turn                (no ring)
MPRegen 0.12/turn                (no ring)

@: very slow
A: AC +1, large, see invisible, deformed body, poison resistance, slowness 2,
spit poison 1, naga tail 1
a: Spit Poison


You were on level 2 of the Dungeon.
You visited 1 branch of the dungeon, and saw 2 of its levels.

You collected 90 gold pieces.

Inventory:

Hand Weapons
 n - a +2 dagger of draining (weapon)
Armour
 b - a +0 robe (worn)
 c - a +0 hat (worn)
Scrolls
 e - 2 scrolls of fear {unknown}
 g - a scroll of blinking {unknown}
 j - a scroll of vulnerability {unknown}
 k - a scroll of amnesia {unknown}
 l - 2 scrolls of teleportation {unknown}
 m - a scroll of identify {unknown}
Potions
 d - a potion of magic
 f - 2 potions of mutation {unknown}
 h - a potion of resistance {unknown}
 i - a potion of invisibility {unknown}


   Skills:
 + Level 1.7 Dodging
 + Level 3.3 Stealth
 + Level 4.0 Spellcasting
 + Level 1.9 Conjurations
 + Level 1.0 Summonings
 + Level 1.0 Translocations


You had 5 spell levels left.
You knew the following spells:

 Your Spells              Type           Power      Damage    Failure   Level
a - Magic Dart            Conj           36%        1d4       7%          1
b - Mephitic Cloud        Conj/Pois/Air  5%         N/A       36%         3
d - Blink                 Tloc           12%        N/A       16%         2

Your spell library contained the following spells:

 Spells                   Type           Power      Damage    Failure   Level
 Apportation              Tloc           12%        N/A       11%         1
 Summon Small Mammal      Summ           24%        N/A       11%         1
 Searing Ray              Conj           18%        2d5       11%         2
 Necrotise                Necr           12%        1d4       16%         1
 Slow                     Hex            12%        N/A       16%         1
 Call Imp                 Summ           6%         N/A       16%         2
 Cigotuvi's Dreadful Rot  Necr/Pois/Air  6%         N/A       24%         2
 Fulminant Prism          Conj/Hex       3%         3d5       71%         4


Dungeon Overview and Level Annotations

Branches:
Dungeon (2/15)

Altars:


Innate Abilities, Weirdness & Mutations

Your serpentine skin is tough. (AC +1)
You have supernaturally acute eyesight. (SInv)
Armour fits poorly on your strangely shaped body.
Your system is resistant to poisons. (rPois)
You cover ground very slowly.
You can spit poison.
You have a snake-like lower body.


Message History

You kill the orc!
You have reached level 4!
You feel clever.
Casting: Magic Dart (safe; 7% risk of failure)
Confirm with . or Enter, or press ? or * to list all spells.
The spell is quite dangerous to miscast (36% risk of failure)!
Continue anyway?
Aiming: Mephitic Cloud (quite dangerous; 36% risk of failure)
Press: ? - help, Shift-Dir - straight line, f - jackal
Aim: a jackal (chance to affect: 96%)
You miscast Mephitic Cloud.
You are very lightly contaminated with residual magic.
Nothing appears to happen.
You have got your breath back.
You hit the jackal. You drain the jackal.
You kill the jackal!
You barely miss the orc. The orc barely misses you.
You barely miss the orc. The orc hits you with a +0 mace.
You hit the orc but do no damage. The orc hits you with a +0 mace.
* * * LOW HITPOINT WARNING * * *
You hit the orc. You drain the orc.
The orc is almost dead.
The orc hits you with a +0 mace.
* * * LOW HITPOINT WARNING * * *
You closely miss the orc.
The orc is almost dead.
The orc closely misses you.
You barely miss the orc.
The orc is almost dead.
The orc closely misses you.
Your magical contamination has completely faded away.
Unknown command.
Casting: Mephitic Cloud (quite dangerous; 36% risk of failure)
Confirm with . or Enter, or press ? or * to list all spells.
Aiming: Magic Dart (safe; 7% risk of failure)
Press: ? - help, Shift-Dir - straight line, f - orc
Aim: an orc, wielding a +0 mace and wearing a +0 scale mail (almost dead, heavily drained, 100% to hit)
The magic dart hits the orc but does no damage.
The orc is almost dead.
The orc hits you with a +0 mace.
You die...

#.^........ ........# o#
#.......# h# ........# h#
#.......###### .#
#..........<.. o#
#.......#### )#
######.##############.##.#
#.# #.....)@o)..†...#
######.###.########.######
........##.# #.#
######.....# #.#
....##..###########.#####
###.........>...........#
####...#...######.###.#
####...#...### #.###.#####
#............####.........#


You could see an orc (very drained).

Vanquished Creatures
  A dart slug (D:2)
  3 orcs (D:2)
  3 ball pythons (D:1)
  5 bats
  2 endoplasms
  3 giant cockroaches
  2 hobgoblins
  5 jackals
  4 quokkas
  A frilled lizard (D:1)
  11 goblins
  4 kobolds
44 creatures vanquished.

Notes
Turn   | Place    | Note
-------+----------+-------------------------------------------
     0 | D:1      | zazu2006 the Naga Hedge Wizard began the quest for the Orb.
     0 | D:1      | Reached XP level 1. HP: 15/15 MP: 4/4
   292 | D:1      | Reached XP level 2. HP: 22/22 MP: 4/6
   859 | D:1      | Reached XP level 3. HP: 28/28 MP: 2/8
   863 | D:1      | Learned a level 3 spell: Mephitic Cloud
   866 | D:1      | Learned a level 2 spell: Blink
  1707 | D:2      | Reached skill level 4 in Spellcasting
  1709 | D:2      | Reached XP level 4. HP: 12/36 MP: 6/10
  1717 | D:2      | Slain by an orc

Illustrated notes

Levels and vault maps discovered:
D:1:      dpeg_arrival_rhombi, layout_basic
D:2:      layout_loops_ring, uniq_robin, uniq_crazy_yiuf_cottage

Skill      XL: |  1  2  3 |
---------------+----------+-----
Spellcasting   | 4 |  4.0
Dodging        | |  1.7
Stealth        | |  3.3
Conjurations   | |  1.9
Summonings     | |  1.0
Translocations | |  1.0

Action                     |  1- 3 |  4- 6 || total
---------------------------+-------+-------++-------
  Melee: Dagger            |    15 |     7 ||    22
   Cast: Magic Dart        |    84 |     1 ||    85
Ability: Spit Poison       |    12 |       ||    12
 Armour: Robe              |     6 |       ||     6
  Dodge: Dodged            |    19 |     3 ||    22

Table legend: (Time is in decaauts)
 A = Elapsed time spent in this place.
 B = Non-inter-level travel time spent in this place.
 C = Inter-level travel time spent in this place.
 D = Time resting spent in this place.
 E = Time spent auto-exploring this place.
 F = Levels seen in this place.
 G = Mean time per level.
                   A        B        C        D        E       F      G
               +--------+--------+--------+--------+--------+-----+--------+
         Total |   2038 |   2004 |     34 |      2 |   1741 |   2 | 1019.0 |
       Dungeon |   2038 |   2004 |     34 |      2 |   1741 |   2 | 1019.0 |
               +--------+--------+--------+--------+--------+-----+--------+

Top non-repeatable levels by time:
     D:1: 1215 daAuts
     D:2: 822 daAuts
